 Dungeon Crawl Stone Soup version 0.30-a0-1074-g5db6f66fbb (webtiles) character file.

Game seed: 11592741872381270241

180 kae the Chopper (level 5, -2/45 HPs)
             Began as a Hill Orc Fighter on Apr 13, 2023.
             Slain by an iguana (9 damage)
             ... on level 3 of the Dungeon.
             The game lasted 00:01:40 (2050 turns).

kae the Chopper (Hill Orc Fighter)                  Turns: 2050, Time: 00:01:40

Health: -2/45      AC:  6    Str: 21    XL:     5   Next: 60%
Magic:  5/5        EV:  9    Int:  8    God:
Gold:   170        SH:  4    Dex: 10    Spells: 4/4 levels left

rFire   . . .      SeeInvis +    a - +0 war axe
rCold   . . .      Faith    .    c - +0 buckler
rNeg    . . .      Spirit   .    b - +0 scale mail
rPois   .          Reflect  .    (no helmet)
rElec   .          Rampage  .    (no cloak)
rCorr   .                        (no gloves)
Will    .....                    (no boots) Stlth
                                 (no amulet)
HPRegen 0.27/turn                v - ring of see invisible
MPRegen 0.09/turn                (no ring)

@: no status effects
A: no striking features
a: no special abilities


You were on level 3 of the Dungeon.
You visited 1 branch of the dungeon, and saw 4 of its levels.

You collected 170 gold pieces.


   Skills:
 - Level 3.6 Fighting
 + Level 7.5 Axes
 - Level 3.2 Armour
 - Level 3.2 Shields


You had 4 spell levels left.
You didn't know any spells.
Your spell library contained the following spells:

 Spells                   Type           Power      Damage    Failure   Level
 Leda's Liquefaction      Hex/Erth       0%         N/A       100%        4
 Lee's Rapid Deconstruct  Erth           0%         3d4*      100%        5
 Statue Form              Tmut/Erth      0%         N/A       100%        6

Inventory:

Hand Weapons
 a - a +0 war axe (weapon)
Missiles
 e - 4 boomerangs (quivered)
 g - 24 stones
 o - 3 poisoned darts
Armour
 b - a +0 scale mail (worn)
 c - a +0 buckler (worn)
Magical Staves
 h - a staff of air {!a}
   (You found it on level 1 of the Dungeon)
Jewellery
 v - a ring of see invisible (left hand)
   (You found it on level 2 of the Dungeon)
 F - a ring of fire
   (You found it on level 3 of the Dungeon)
 I - a +6 ring of intelligence
   (You found it on level 3 of the Dungeon)
Scrolls
 f - a scroll of teleportation {@r4}
Potions
 d - a potion of resistance
 i - a potion of heal wounds {@q2}
 j - a potion of ambrosia {unknown}
 k - a potion of invisibility {unknown}
 l - a potion of lignification {unknown}
 m - 2 potions of curing {unknown}

Dungeon Overview and Level Annotations

Branches:
Dungeon (4/15) Zot: 21890
 Temple: D:4-7

Altars:
Ashenzari

Annotations:
D:3 Grinder

...........# #.
ยง.........## #.
..#......##########
#.####........# ####### #.#
#........# #...... #.#
#........# # #...... #.#
#........###
#......###.####...........
#......#l@....รท........##.
#......>5#..##.^..........
#......####.#..........###
#?..... #.#..........###
#...... #.#.......#####.
#...... #.#......#####..
#####.# #..........)....
#.#####......).)####.#
#..#..........)).....#


You could see Grinder and an iguana.


Message History

No target in view!
No target in view!
Unknown command.
A worm comes into view. ๐Ÿ˜Ž HP[+7]
Your hp is fully restored (45).
Unknown command.
A worm is nearby!
The worm bites you. ๐Ÿ˜• HP[-1]
You take 1 damage, and now have 44/45 hp.
You barely miss the worm. You slash the worm!
You block the worm's attack. ๐Ÿ˜Ž HP[+1]
Your hp is fully restored (45).
You slash the worm!
You kill the worm!
No target in view!
No target in view!
No target in view!
Unknown command.
Found a stone staircase leading up.
You now have 170 gold pieces (gained 7).
You pick up a book of the Earth and begin reading...
You add the spells Leda's Liquefaction, Lee's Rapid Deconstruction and Statue Form to your library.
Found a stone staircase leading down.
Unknown command.
There is a stone staircase leading up here.
You climb upwards.
Level annotation: Grinder, Natasha
There is a stone staircase leading down here.
Unknown command.
Items here: )))) [[.
Natasha is nearby!
Natasha is nearby!
Natasha is nearby!
Natasha is nearby!
Natasha hisses angrily.
You slash Natasha! Natasha claws you. ๐Ÿ˜• HP[-5]
You take 5 damage, and now have 40/45 hp.
You barely miss Natasha. Natasha claws you but does no damage.
You closely miss Natasha.
Natasha wildly gestures.
Natasha's front paws start to glow.
Natasha claws you. ๐Ÿ˜• HP[-2]
You take 2 damage, and now have 38/45 hp.
You closely miss Natasha. You slash Grinder! Natasha casts a spell at you.
The magic dart hits you. You block Grinder's attack.
You hit Natasha.
You kill Natasha!
You feel Natasha's spirit has finally been put to rest.
You slash Grinder! Grinder closely misses you. ๐Ÿ˜• HP[-4]
You take 4 damage, and now have 34/45 hp.
You barely miss Grinder. Grinder hits you but does no damage.
You hit Grinder. You block Grinder's attack. Grinder gestures at you.
Pain shoots through your body! ๐Ÿ˜ฎ HP[-4]
You take 4 damage, and now have 30/45 hp.
You are too injured to fight recklessly!
You are too injured to fight recklessly!
Unknown command.
You are too injured to fight recklessly!
You are too injured to fight recklessly!
You are too injured to fight recklessly!
You are too injured to fight recklessly!
You hit Grinder. Grinder hits you but does no damage.
Unknown command.
You barely miss Grinder.
The iguana hisses angrily.
Grinder closely misses you. ๐Ÿ˜ฎ HP[+1]
You hit Grinder but do no damage. You hit the iguana but do no damage.
Grinder hits you!
* * * LOW HITPOINT WARNING * * *
You block the iguana's attack. ๐Ÿ˜จ HP[-9]
You take 9 damage, and now have 22/45 hp.
You hit Grinder. You hit the iguana. Grinder gestures at you.
You barely resist. You block the iguana's attack.
Unknown command.
You closely miss Grinder. You hit the iguana. Grinder hits you.
* * * LOW HITPOINT WARNING * * *
You writhe in agony.
* * * LOW HITPOINT WARNING * * *
The iguana bites you but does no damage. ๐Ÿ˜จ HP[-3]
You take 3 damage, and now have 19/45 hp.
Unknown command.
You hit Grinder. You slash the iguana! Grinder hits you.
* * * LOW HITPOINT WARNING * * *
You writhe in agony.
* * * LOW HITPOINT WARNING * * *
The iguana bites you!
You die...

Skill      XL: |  1  2  3  4 |
---------------+-------------+-----
Axes           | 3 4 5 7 |  7.5
Fighting       | |  3.6
Armour         | |  3.2
Shields        | |  3.2

Action                     |  1- 3 |  4- 6 || total
---------------------------+-------+-------++-------
  Melee: War axe           |   104 |    72 ||   176
    Use: Scroll            |     6 |     2 ||     8
         Potion            |     1 |       ||     1
 Armour: Scale mail        |    39 |    39 ||    78
  Dodge: Dodged            |    53 |    20 ||    73
  Block: Buckler           |    14 |    21 ||    35

Levels and vault maps discovered:
D:1:      elethiomel_arrival_shortcut, layout_loops_ring
D:2:      layout_basic, basic_altar, corner_web_ring
D:3:      layout_rooms, uniq_natasha, uniq_robin, uniq_grinder
D:4:      layout_cave_pools, okawaru_gym_becter, lemuel_coloured_pillars_altar,
          serial_shops, nicolae_shop_trees

Notes
Turn   | Place    | Note
-------+----------+-------------------------------------------
     0 | D:1      | kae the Hill Orc Fighter began the quest for the Orb.
     0 | D:1      | Reached XP level 1. HP: 19/19 MP: 1/1
     0 | D:1      | magus.rc [v1.11.3]
    55 | D:1      | Reached skill level 3 in Axes
   235 | D:1      | Reached XP level 2. HP: 26/26 MP: 2/2
   405 | D:1      | Reached skill level 4 in Axes
   788 | D:1      | Reached XP level 3. HP: 24/31 MP: 3/3
   992 | D:2      | Found a broken altar of Ashenzari.
   996 | D:2      | Reached skill level 5 in Axes
  1417 | D:3      | Noticed Robin
  1428 | D:3      | Killed Robin
  1429 | D:3      | Reached XP level 4. HP: 39/39 MP: 4/4
  1442 | D:3      | Reached skill level 6 in Axes
  1642 | D:3      | Noticed Natasha
  1651 | D:3      | Killed Natasha
  1793 | D:3      | Noticed Grinder
  1799 | D:3      | Noticed Natasha
  1800 | D:3      | Killed Natasha
  1801 | D:3      | Reached skill level 7 in Axes
  1801 | D:3      | Reached XP level 5. HP: 45/45 MP: 5/5
  1834 | D:3      | Paralysed by Grinder for 2 turns
  1839 | D:3      | Noticed Natasha
  1978 | D:4      | You pick up a book of the Earth and begin reading...
  1978 | D:4      | You add the spells Leda's Liquefaction, Lee's Rapid
                  | Deconstruction and Statue Form to your library.
  2042 | D:3      | Killed Natasha
  2050 | D:3      | HP: 7/45 [Grinder (6)]
  2050 | D:3      | Slain by an iguana

Vanquished Creatures
  Natasha (thrice) (D:3)
  Robin (D:3)
  2 adders
  3 worms
  3 dart slugs (D:1)
  An orc (D:4)
  3 bats (D:3)
  5 endoplasms
  13 goblins
  6 hobgoblins
  4 quokkas (D:1)
  8 ball pythons
  3 frilled lizards (D:3)
  4 kobolds
  5 rats
64 creatures vanquished.

Table legend:
 A = Non-vault XP
 B = Vault XP
 C = Vault XP percentage of total XP
 D = Non-vault monster count
 E = Vault monster count
 F = Vault count percentage of total count
                 A         B        C        D         E       F
            +---------+---------+-------+---------+---------+-------
      Total |     190 |      68 |  26.4 |      52 |      12 |  18.8
            +---------+---------+-------+---------+---------+-------
        D:1 |      35 |       0 |   0.0 |      17 |       0 |   0.0
        D:2 |      32 |       0 |   0.0 |      15 |       0 |   0.0
        D:3 |      99 |      68 |  40.7 |      15 |      12 |  44.4
        D:4 |      24 |       0 |   0.0 |       5 |       0 |   0.0
            +---------+---------+-------+---------+---------+-------

Illustrated notes

Table legend:
 A = Kills in this place as a percentage of kills in the entire game.
 B = Kills by you in this place as a percentage of kills by you in the entire game.
 C = Kills by friends in this place as a percentage of kills by friends in the entire game.
 D = Other kills in this place as a percentage of other kills in the entire game.
 E = Experience gained in this place as a percentage of experience gained in the entire game.
 F = Experience gained in this place divided by the number of levels of this place that you have seen.
                   A       B       C       D       E      F
               +-------+-------+-------+-------+-------+----------------------
         Total | 100.0 | 100.0 |   N/A |   N/A | 100.0 |  64.5
       Dungeon | 100.0 | 100.0 |   N/A |   N/A | 100.0 |  64.5
               +-------+-------+-------+-------+-------+----------------------

Table legend: (Time is in decaauts)
 A = Elapsed time spent in this place.
 B = Non-inter-level travel time spent in this place.
 C = Inter-level travel time spent in this place.
 D = Time resting spent in this place.
 E = Time spent auto-exploring this place.
 F = Levels seen in this place.
 G = Mean time per level.
                   A        B        C        D        E       F      G
               +--------+--------+--------+--------+--------+-----+--------+
         Total |   2108 |   2020 |     88 |     68 |   1503 |   4 |  527.0 |
       Dungeon |   2108 |   2020 |     88 |     68 |   1503 |   4 |  527.0 |
               +--------+--------+--------+--------+--------+-----+--------+

Top non-repeatable levels by time:
     D:1: 884 daAuts
     D:3: 533 daAuts
     D:2: 506 daAuts
     D:4: 183 daAuts
